 Dungeon Crawl Stone Soup version 0.28.0-53-g5a82cb258f (webtiles) character file.

Game seed: 9981483206293010474

4495 Gabide the Nimble (level 10, -10/74 HPs)
             Began as a Human Monk on May 31, 2022.
             Was a Priest of Hepliaklqana.
             Mangled by a two-headed ogre
             ... wielding a +0 giant spiked club
              (18 damage)
             ... on level 7 of the Dungeon.
             The game lasted 00:14:22 (11050 turns).

Gabide the Nimble (Human Monk)                     Turns: 11050, Time: 00:14:23

Health: -10/74     AC:  8    Str: 11    XL:     10   Next: 65%
Magic:  19/19      EV: 18    Int: 12    God:    Hepliaklqana [***...]
Gold:   300        SH:  0    Dex: 19    Spells: 9/9 levels left

rFire   . . .      SeeInvis .   i - +2 halberd (freeze)
rCold   + . .      Faith    .   (shield currently unavailable)
rNeg    . . .      Spirit   .   D - +0 steam dragon scales
rPois   .          Reflect  .   p - +1 helmet
rElec   .          Harm     .   f - +0 cloak
rCorr   .          Rampage  .   (no gloves)
Will    .....                   (no boots)
Stlth   ++........              u - amulet of the acrobat
HPRegen 0.22/turn               d - ring of protection from cold
MPRegen 0.16/turn               o - ring of magical power

@: no status effects
A: reduced essence
a: Renounce Religion, Recall Ancestor, Ancestor Identity, Transference


You were on level 7 of the Dungeon.
You worshipped Hepliaklqana.
Hepliaklqana was most pleased with you.
You visited 2 branches of the dungeon, and saw 9 of its levels.

You collected 300 gold pieces.

Inventory:

Hand Weapons
 a - a +0 spear
 i - a +2 halberd of freezing (weapon)
Missiles
 j - 4 poisoned darts (quivered)
Armour
 b - the +1 leather armour "Sidoahi" {rC+ rN++}
   (You found it on level 8 of the Dungeon)

   rC:        It protects you from cold.
   rN:        It greatly protects you from negative energy.
 f - a +0 cloak (worn)
 p - a +1 helmet (worn)
 D - +0 steam dragon scales (worn)
 F - a +2 robe of the Archmagi
 G - a +0 troll leather armour
Jewellery
 d - a ring of protection from cold (left hand)
 o - a ring of magical power (right hand)
 u - an amulet of the acrobat (around neck)
 H - a +6 ring of intelligence
Wands
 e - a wand of digging (9)
 v - a wand of polymorph (6)
 y - a wand of iceblast (16)
 z - a wand of flame (19)
 C - a wand of charming (6)
 E - a wand of mindburst (6)
Scrolls
 c - 3 scrolls of immolation
 g - a scroll of holy word {unknown}
 h - a scroll of noise {unknown}
 k - a scroll of vulnerability
 n - a scroll of fear {unknown}
 s - 4 scrolls of teleportation
 t - a scroll of magic mapping {unknown}
 x - a scroll of fog {unknown}
 B - a scroll of summoning {unknown}
 I - a scroll of brand weapon {unknown}
Potions
 l - 2 potions of brilliance
 m - 2 potions of curing
 q - 2 potions of flight
 r - a potion of haste
 w - a potion of resistance
 A - a potion of magic


   Skills:
 + Level 9.1 Fighting
 + Level 9.2 Polearms
 + Level 9.2 Dodging
 - Level 2.0 Stealth


You had 9 spell levels left.
You didn't know any spells.
Your spell library contained the following spells:

 Spells                   Type           Power      Damage    Failure   Level
 Beastly Appendage        Tmut           0%         N/A       32%         1
 Wereblood                Tmut           0%         N/A       45%         2
 Ozocubu's Armour         Ice            0%         N/A       69%         3
 Spider Form              Tmut/Pois      0%         N/A       69%         3
 Airstrike                Air            0%         N/A       97%         4
 Hailstorm                Conj/Ice       0%         3d3       97%         4
 Ice Form                 Ice/Tmut       0%         N/A       97%         4
 Summon Lightning Spire   Summ/Air       0%         N/A       97%         4
 Lightning Bolt           Conj/Air       0%         1d11      100%        5
 Metabolic Englaciation   Hex/Ice        0%         N/A       100%        5
 Simulacrum               Ice/Necr       0%         N/A       100%        6
 Ozocubu's Refrigeration  Ice            0%         4d5       100%        7


Dungeon Overview and Level Annotations

Branches:
Dungeon (8/15)             Temple (1/1) D:5
   Lair: D:8-11

Altars:
Cheibriados
Dithmenos
Elyvilon
Fedhas
Gozag
Hepliaklqana
Kikubaaqudgha
Makhleb
Nemelex Xobeh
Qazlal
Ru
Sif Muna
Vehumet
Xom
Zin

Shops:
D:1 :[*

Annotations:
D:7 2 transporters, DildoBatman's ghost, novice FoCj


Message History

No target in view!
No target in view!
No target in view!
No target in view!
No target in view!
No target in view!
You start resting.
You feel yourself speed up.
You start resting.
HP restored.
You climb downwards.
The centaur warrior unwields a +0 shortbow.
The centaur warrior hits you. The centaur warrior misses you.
The two-headed ogre misses you. x2
There is a stone staircase leading up here.
The centaur warrior hits you!
The centaur warrior kicks you but does no damage.
The two-headed ogre closely misses you.
The two-headed ogre completely misses you.
You climb upwards.
Level annotation: 2 transporters, DildoBatman's ghost, novice FoCj
There is a stone staircase leading down, spattered with blood here.
You hit the two-headed ogre. You freeze the two-headed ogre.
The two-headed ogre is lightly wounded.
The centaur warrior hits you but does no damage.
The centaur warrior misses you. The centaur warrior hits you!
The centaur warrior misses you.
The two-headed ogre hits you with a +0 giant spiked club!
The two-headed ogre hits you with a +0 giant club!
You slash the two-headed ogre! You freeze the two-headed ogre.
The two-headed ogre is moderately wounded.
The centaur warrior misses you. x2
The centaur warrior completely misses you.
The centaur warrior kicks you but does no damage.
You puncture the two-headed ogre! You freeze the two-headed ogre.
The two-headed ogre is severely wounded.
The two-headed ogre hits you with a +0 giant spiked club!!
* * * LOW HITPOINT WARNING * * *
The two-headed ogre hits you with a +0 giant club!!
You die...

#.##.####..............
#......##..............
##.....##.............#
#.#.####....<........#
#.#......###..........
#.######.......####.##
#.# ####.#####.# #.#
#.# #Rc..# #<####.##
#.# #@##.# #......##
#.###O##.# #.#######
#....<##.#####.# #
########...(...# ##
######### #. #. #. #.
#.


You could see the friendly Tlalli the knight, a centaur warrior and a two-headed
ogre (ally target).

Vanquished Creatures
  A boulder beetle (D:7)
  A steam dragon (D:7)
  A vampire mosquito (D:7)
  Menkaure (D:5)
  A water moccasin (D:7)
  An orc warrior (D:7)
  A sky beast (D:5)
  A hornet zombie (D:6)
  3 scorpions
  A wyvern skeleton (D:6)
  5 hounds
  A jelly (D:5)
  Crazy Yiuf (D:2)
  A centaur skeleton (D:7)
  3 bullfrog skeletons
  An iguana (D:6)
  An orc wizard (D:5)
  A howler monkey zombie (D:7)
  4 gnolls (D:5)
  A howler monkey skeleton (D:4)
  6 adders
  An ufetubus (D:5)
  A worm (D:2)
  7 orcs
  5 ball pythons
  6 bats
  6 endoplasms
  6 giant cockroaches
  6 goblins
  9 jackals
  4 quokkas
  5 frilled lizards
  11 kobolds
  9 rats
113 creatures vanquished.

Vanquished Creatures (collateral kills)
  Pikel (D:7)
  A deep elf pyromancer (D:7)
  A troll (D:7)
  A wraith (D:7)
  Edmund (D:6)
  2 ice beasts
  A black bear (D:7)
  A sky beast (D:7)
  A necrophage (D:5)
  2 ogres (D:5)
  A lemure (D:7)
  2 bullfrogs
  A wyvern skeleton (D:6)
  A water moccasin skeleton (D:6)
  A hound (D:6)
  A centaur skeleton (D:6)
  An iguana (D:7)
  7 gnolls
27 creatures vanquished.

Vanquished Creatures (others)
  A knight (D:8)
1 creature vanquished.

Grand Total: 141 creatures vanquished

Notes
Turn   | Place    | Note
-------+----------+-------------------------------------------
     0 | D:1      | Gabide the Human Monk began the quest for the Orb.
     0 | D:1      | Reached XP level 1. HP: 18/18 MP: 1/1
   349 | D:1      | Reached XP level 2. HP: 19/24 MP: 2/2
   565 | D:1      | Found Mecif's Book Shoppe.
  1046 | D:1      | You fall into a shaft and drop 1 floor!
  1061 | D:2      | Reached XP level 3. HP: 24/29 MP: 3/3
  1228 | D:1      | Found Ifunlepn's Antique Armour Emporium.
  1270 | D:1      | Found a faded altar of an unknown god.
  1381 | D:1      | Found Jemaeloo's Assorted Antiques.
  2254 | D:2      | Reached XP level 4. HP: 25/36 MP: 4/4
  2449 | D:2      | Found a runed translucent door.
  2450 | D:2      | Noticed Crazy Yiuf
  2839 | D:2      | Killed Crazy Yiuf
  3329 | D:3      | Reached XP level 5. HP: 34/42 MP: 5/5
  4384 | D:4      | Reached XP level 6. HP: 43/48 MP: 6/6
  5026 | D:4      | Found a stormy altar of Qazlal.
  5029 | D:4      | Found a shimmering blue altar of Sif Muna.
  5307 | D:4      | Found a sacrificial altar of Ru.
  5466 | D:5      | Entered Level 5 of the Dungeon
  5520 | D:5      | Noticed a sky beast
  5569 | D:5      | HP: 1/49 [sky beast (5)]
  5571 | D:5      | Killed a sky beast
  5572 | D:5      | Reached skill level 5 in Polearms
  5572 | D:5      | Reached skill level 5 in Dodging
  5572 | D:5      | Reached XP level 7. HP: 10/55 MP: 7/7
  5838 | D:5      | Reached skill level 5 in Fighting
  6039 | D:5      | Found a staircase to the Ecumenical Temple.
  6736 | Temple   | Entered the Ecumenical Temple
  6744 | Temple   | Became a worshipper of Hepliaklqana the Forgotten
  6744 | Temple   | Reached * piety under Hepliaklqana
  6744 | Temple   | Reached ** piety under Hepliaklqana
  6745 | Temple   | Remembered your ancestor Tlalli as a knight
  7733 | D:5      | Noticed Menkaure
  7876 | D:5      | Reached XP level 8. HP: 56/56 MP: 8/8
  7991 | D:5      | Killed Menkaure
  8708 | D:6      | Noticed Edmund
  8745 | D:6      | Killed Edmund
  8746 | D:6      | Reached XP level 9. HP: 21/63 MP: 9/9
  9228 | D:6      | Found an opulent altar of Gozag.
  9328 | D:6      | Found an ancient bone altar of Kikubaaqudgha.
  9820 | D:7      | Found a transporter.
  9821 | D:7      | Noticed DildoBatman's ghost (novice FoCj)
  9825 | D:7      | Noticed a moth of wrath
  9838 | D:7      | Found a transporter.
  9847 | D:7      | Noticed Pikel
  9867 | D:7      | Killed Pikel
  9873 | D:7      | Reached XP level 10. HP: 72/72 MP: 10/10
 10023 | D:7      | Reached *** piety under Hepliaklqana
 10408 | D:7      | Found a white marble altar of Elyvilon.
 10567 | D:7      | Noticed a deep elf pyromancer
 10574 | D:7      | Killed a deep elf pyromancer
 10705 | D:8      | Identified the +1 leather armour "Sidoahi" {rC+ rN++}
 10713 | D:8      | Noticed a two-headed ogre
 10716 | D:8      | Noticed a centaur warrior
 10720 | D:8      | Noticed a boulder beetle
 10754 | D:7      | Killed a boulder beetle
 11050 | D:7      | Mangled by a two-headed ogre

Illustrated notes

Levels and vault maps discovered:
D:1:      dpeg_arrival_prison, layout_basic, serial_forest,
          infiniplex_forest_clump_small, infiniplex_forest_clump_medium,
          infiniplex_forest_lined_corner, infiniplex_forest_clump_diagonal,
          infiniplex_forest_lined_2, infiniplex_forest_straight_5,
          infiniplex_forest_straight_2, basic_ecumenical_altar, serial_shops,
          shop, shop, nicolae_shop_competitors_out_of_business
D:2:      layout_loops_ring, uniq_crazy_yiuf_cottage
D:3:      layout_basic
D:4:      layout_cave_pods, general_overflow_altar,
          nicolae_overflow_hidden_temple
D:5:      layout_loops_corners, minmay_temple_entry_sparse_star, uniq_menkaure
D:6:      layout_cave_pools, mainiacjoe_overflow_alcove_4,
          nicolae_kikubaaqudgha_miasma_corner,
          eino_small_chamber_without_monster, dk_noncrumbling_3, uniq_edmund
D:7:      layout_loops_cross, elyvilon_altar_3,
          gammafunk_ghost_berserking_beasts, hangedman_glass_teeth, uniq_pikel
D:8:      minmay_cut_squares, layout_cave_pods, serial_column_ruins,
          column_ruins_hut, column_ruins_open_tiny, column_ruins_open_tiny,
          column_ruins_corridor_straight, column_ruins_corridor_T,
          column_ruins_columns_straight, column_ruins_grid_1,
          column_ruins_columns_straight, uniq_maggie
Temple:   dpeg_three_leaves_temple

Skill      XL: |  1  2  3  4  5  6  7  8  9 10 |
---------------+-------------------------------+-----
Polearms       | 4 5 6 8 9 |  9.2
Dodging        | 4 5 6 8 9 |  9.2
Fighting       | 4 5 6 8 9 |  9.1
Stealth        | |  2.0

Action                   |  1- 3 |  4- 6 |  7- 9 | 10-12 || total
-------------------------+-------+-------+-------+-------++-------
Melee: Spear             |   138 |   239 |    77 |       ||   454
       Punch             |     2 |     9 |     1 |       ||    12
       Halberd           |       |       |    93 |    49 ||   142
Throw: Dart              |     2 |     4 |    12 |     2 ||    20
Invok: Ancestor Life: Kn |       |       |     1 |       ||     1
       Ancestor Identity |       |       |     1 |       ||     1
  Use: Scroll            |       |     6 |     5 |     1 ||    12
       Potion            |       |     3 |     4 |       ||     7
 Stab: Sleeping          |    11 |     6 |     7 |     1 ||    25
       Distracted        |       |     2 |     2 |       ||     4
       Invisible         |       |       |     4 |       ||     4
Armor: Robe              |    17 |    55 |    15 |       ||    87
       Skin              |       |       |     1 |       ||     1
       Steam dragon scal |       |       |     1 |    15 ||    16
Dodge: Dodged            |    72 |   158 |    89 |    70 ||   389
